[Event "LEM Niedersachsen-A-Open 2025"]
[Site "Verden"]
[Date "2025.01.03"]
[Round "4.21"]
[White "Stoy, Ulf"]
[Black "Ehlert, Horst"]
[Result "1/2-1/2"]
[ECO "A36"]
[WhiteElo "1918"]
[BlackElo "1929"]
[Annotator "NA RC"]
[PlyCount "34"]
[EventDate "2024.12.27"]
[EventType "swiss"]
[EventCountry "GER"]
[SourceTitle "playchess.com"]
[Source "ChessBase"]
[SourceQuality "1"]
[TimeControl "40/5400+30:1800+30"]

1. c4 c5 2. Nc3 Nc6 3. g3 g6 4. Bg2 Bg7 5. e4 e6 6. Nge2 Nge7 7. O-O O-O 8. d3 a6 9. Be3 Nd4 10. Qd2 Rb8 11. Bh6 Nec6 12. Bxg7 Kxg7 13. f4 d6 14. Rf2 f5 15. Re1 Qa5 16. exf5 gxf5 17. b3 Bd7 1/2-1/2

[Event "LEM Niedersachsen-A-Open 2025"]
[Site "Verden"]
[Date "2025.01.03"]
[Round "4.22"]
[White "Kiesel, Lucas"]
[Black "Schramm, Kilian"]
[Result "1-0"]
[ECO "E19"]
[WhiteElo "2023"]
[BlackElo "1834"]
[Annotator "NA RC"]
[PlyCount "51"]
[EventDate "2024.12.27"]
[EventType "swiss"]
[EventCountry "GER"]
[SourceTitle "playchess.com"]
[Source "ChessBase"]
[SourceQuality "1"]
[TimeControl "40/5400+30:1800+30"]

1. d4 Nf6 2. c4 e6 3. Nf3 b6 4. g3 Bb7 5. Bg2 Be7 6. O-O O-O 7. Nc3 Ne4 8. Qc2 Nxc3 9. Qxc3 c5 10. dxc5 Bxc5 11. b3 Be7 12. Bb2 Bf6 13. Qc2 d5 14. Rad1 Qe7 15. cxd5 Bxb2 16. Qxb2 Bxd5 17. Rfe1 Qb7 18. e4 Bc6 19. Nd4 e5 20. Nf5 Nd7 21. Rd6 Rfe8 22. Qc2 Rac8 23. Rc1 Bxe4 24. Qxc8 Rxc8 25. Rxc8+ Nf8 26. Rxf8+ 1-0

[Event "LEM Niedersachsen-A-Open 2025"]
[Site "Verden"]
[Date "2025.01.03"]
[Round "4.23"]
[White "Gehrke, Mathias"]
[Black "Eschholz, Enno"]
[Result "1-0"]
[ECO "B23"]
[WhiteElo "1873"]
[BlackElo "2121"]
[Annotator "NA RC"]
[PlyCount "61"]
[EventDate "2024.12.27"]
[EventType "swiss"]
[EventCountry "GER"]
[SourceTitle "playchess.com"]
[Source "ChessBase"]
[SourceQuality "1"]
[TimeControl "40/5400+30:1800+30"]

1. e4 c5 2. Nc3 Nc6 3. Bb5 g6 4. Bxc6 dxc6 5. d3 Bg7 6. Nge2 e5 7. Be3 Qe7 8. h3 Nf6 9. Qd2 Nd7 10. O-O Nf8 11. Bh6 f6 12. Bxg7 Qxg7 13. f4 Ne6 14. Rf2 O-O 15. Raf1 Bd7 16. Nd1 b6 17. Ne3 Nd4 18. Ng3 exf4 19. Rxf4 Rf7 20. c3 Ne6 21. R4f2 h5 22. e5 f5 23. Nexf5 gxf5 24. Nxf5 Rxf5 25. Rxf5 Rf8 26. Qe3 Rxf5 27. Rxf5 Qg6 28. Rf6 Qg7 29. Kh2 Nf8 30. Qe4 Qg5 31. Qc4+ 1-0

[Event "LEM Niedersachsen-A-Open 2025"]
[Site "Verden"]
[Date "2025.01.03"]
[Round "4.24"]
[White "Vormann, Dirk"]
[Black "Martin, Dennis"]
[Result "1/2-1/2"]
[ECO "D02"]
[WhiteElo "1860"]
[BlackElo "2005"]
[Annotator "NA RC"]
[PlyCount "119"]
[EventDate "2024.12.27"]
[EventType "swiss"]
[EventCountry "GER"]
[SourceTitle "playchess.com"]
[Source "ChessBase"]
[SourceQuality "1"]
[TimeControl "40/5400+30:1800+30"]

1. d4 Nf6 2. Bf4 d5 3. e3 e6 4. Nf3 Bd6 5. Bg3 O-O 6. Nbd2 c5 7. c3 Qc7 8. Bd3 Nbd7 9. Bxd6 Qxd6 10. O-O e5 11. dxe5 Nxe5 12. Nxe5 Qxe5 13. Nf3 Qe7 14. h3 b6 15. Re1 Bb7 16. Qc2 Rfd8 17. Nd2 Qc7 18. Be2 Rd7 19. Bf3 Rad8 20. Rad1 Re8 21. Rc1 Rde7 22. Qd3 Ne4 23. Bxe4 dxe4 24. Qe2 Rd7 25. Rcd1 Rd3 26. Nb3 Ba6 27. Nc1 Rxd1 28. Qxd1 Bc4 29. b3 Be6 30. Re2 Qe5 31. Rd2 Qg5 32. Kh2 g6 33. Ne2 Qf6 34. Kg1 Kg7 35. Rd6 Qe5 36. Qd2 Re7 37. Nf4 Bc8 38. Rd5 Qc7 39. Rd6 Rd7 40. Rxd7 Qxd7 41. Qxd7 Bxd7 42. Kf1 Kf6 43. c4 Bc6 44. Ne2 Ke5 45. Nc3 g5 46. g3 h5 47. Kg2 h4 48. Kh2 a6 49. a4 Bd7 50. Kg2 Bc6 51. Kh2 f5 52. Kg2 Bd7 53. Kh2 f4 54. g4 Bc6 55. Kg2 f3+ 56. Kg1 Kd6 57. Kf1 Kc7 58. Ke1 Kc8 59. Kf1 Kc7 60. Ke1 1/2-1/2

[Event "LEM Niedersachsen-A-Open 2025"]
[Site "Verden"]
[Date "2025.01.03"]
[Round "4.25"]
[White "Loecken, Siegfried"]
[Black "Muecke, Leonard"]
[Result "0-1"]
[ECO "B25"]
[WhiteElo "2004"]
[BlackElo "1853"]
[Annotator "NA RC"]
[PlyCount "68"]
[EventDate "2024.12.27"]
[EventType "swiss"]
[EventCountry "GER"]
[SourceTitle "playchess.com"]
[Source "ChessBase"]
[SourceQuality "1"]
[TimeControl "40/5400+30:1800+30"]

1. e4 d6 2. Nc3 g6 3. g3 Nf6 4. Bg2 Bg7 5. d3 c5 6. f4 Nc6 7. Nf3 Bg4 8. h3 Bxf3 9. Qxf3 Nd4 10. Qf2 Rb8 11. Nd1 Qc7 12. c3 Nc6 13. Ne3 e6 14. O-O O-O 15. g4 Nd7 16. f5 Rfe8 17. Qc2 b5 18. Bd2 b4 19. Be1 bxc3 20. bxc3 Nde5 21. Bg3 Bh6 22. Rfe1 c4 23. Nxc4 Nxc4 24. dxc4 Ne5 25. Bxe5 dxe5 26. fxg6 hxg6 27. Bf1 Rb6 28. Qf2 Reb8 29. Rad1 Bf4 30. Qf3 Kg7 31. Qd3 Qc5+ 32. Kg2 Rb2+ 33. Re2 Rxe2+ 34. Qxe2 Qa3 0-1

[Event "LEM Niedersachsen-A-Open 2025"]
[Site "Verden"]
[Date "2025.01.03"]
[Round "4.26"]
[White "Beckmann, Jonathan"]
[Black "Ludwig, Bernard"]
[Result "1/2-1/2"]
[ECO "E39"]
[WhiteElo "1812"]
[BlackElo "1962"]
[Annotator "NA RC"]
[PlyCount "37"]
[EventDate "2024.12.27"]
[EventType "swiss"]
[EventCountry "GER"]
[SourceTitle "playchess.com"]
[Source "ChessBase"]
[SourceQuality "1"]
[TimeControl "40/5400+30:1800+30"]

1. d4 Nf6 2. c4 e6 3. Nc3 Bb4 4. Qc2 c5 5. dxc5 Bxc5 6. Nf3 b6 7. e3 Bb7 8. Be2 O-O 9. O-O d5 10. Rd1 Qe7 11. cxd5 Nxd5 12. a3 Nxc3 13. Qxc3 Rd8 14. Rxd8+ Qxd8 15. b4 Be7 16. Bb2 Bf6 17. Qc2 Nd7 18. Rd1 Bxb2 19. Qxb2 1/2-1/2

[Event "LEM Niedersachsen-A-Open 2025"]
[Site "Verden"]
[Date "2025.01.03"]
[Round "4.27"]
[White "Boehnke, Marc"]
[Black "Rausch, Darius"]
[Result "1-0"]
[ECO "E72"]
[WhiteElo "1927"]
[BlackElo "1840"]
[Annotator "NA RC"]
[PlyCount "115"]
[EventDate "2024.12.27"]
[EventType "swiss"]
[EventCountry "GER"]
[SourceTitle "playchess.com"]
[Source "ChessBase"]
[SourceQuality "1"]
[TimeControl "40/5400+30:1800+30"]

1. d4 Nf6 2. c4 g6 3. Nc3 Bg7 4. g3 O-O 5. Bg2 d6 6. e4 Nc6 7. Nge2 a6 8. O-O Rb8 9. h3 Na5 10. Qd3 c5 11. Be3 Nd7 12. b3 cxd4 13. Nxd4 Ne5 14. Qd2 Nac6 15. Rac1 Bxh3 16. f3 Bd7 17. Nde2 f5 18. Nf4 Qa5 19. Nfd5 b5 20. c5 dxc5 21. Bxc5 Rfe8 22. f4 Nf7 23. e5 e6 24. Nf6+ Bxf6 25. Qxd7 Ncxe5 26. fxe5 Nxe5 27. Qd6 Nf7 28. Qd2 Rbd8 29. Qc2 Qc7 30. Qf2 Rd3 31. Ne4 Be5 32. Bd6 Nxd6 33. Rxc7 Bd4 34. Qxd4 Rxd4 35. Nf6+ Kf8 36. Nxh7+ Kg8 37. Nf6+ Kf8 38. Nxe8 Nxe8 39. Rc6 Kf7 40. Rxa6 e5 41. Bc6 Nd6 42. Rb6 Rd3 43. Kg2 e4 44. Bxb5 Rd2+ 45. Rf2 Rd4 46. Rc2 Ke7 47. Rc7+ Kf6 48. Rcc6 Rd2+ 49. Kf1 Ke5 50. Rxd6 Rxd6 51. Rxd6 Kxd6 52. Be8 g5 53. a4 f4 54. gxf4 gxf4 55. Bg6 e3 56. Ke2 Kc5 57. Bd3 Kb4 58. Kf3 1-0

[Event "LEM Niedersachsen-A-Open 2025"]
[Site "Verden"]
[Date "2025.01.03"]
[Round "4.28"]
[White "Direk, Oguzhan"]
[Black "Nuerenberg, Marius"]
[Result "0-1"]
[ECO "A45"]
[WhiteElo "1838"]
[BlackElo "1911"]
[Annotator "NA RC"]
[PlyCount "44"]
[EventDate "2024.12.27"]
[EventType "swiss"]
[EventCountry "GER"]
[SourceTitle "playchess.com"]
[Source "ChessBase"]
[SourceQuality "1"]
[TimeControl "40/5400+30:1800+30"]

1. d4 Nf6 2. Nc3 e6 3. Bf4 Bb4 4. Qd3 b6 5. Qg3 Nh5 6. Qf3 Nxf4 7. Qxa8 Nc6 8. e3 Nd5 9. a3 Bxc3+ 10. bxc3 b5 11. Bxb5 Nb6 12. Bxc6 Nxa8 13. Bxa8 c6 14. Bxc6 dxc6 15. Nf3 Ba6 16. Rb1 O-O 17. Kd2 c5 18. Rb3 Bc4 19. Rb7 cxd4 20. exd4 a6 21. Rhb1 Qf6 22. R1b4 Bd5 0-1

[Event "LEM Niedersachsen-A-Open 2025"]
[Site "Verden"]
[Date "2025.01.03"]
[Round "4.29"]
[White "Seer, Maurice"]
[Black "Lieb, Max"]
[Result "1-0"]
[ECO "B33"]
[WhiteElo "1911"]
[BlackElo "1791"]
[Annotator "NA RC"]
[PlyCount "61"]
[EventDate "2024.12.27"]
[EventType "swiss"]
[EventCountry "GER"]
[SourceTitle "playchess.com"]
[Source "ChessBase"]
[SourceQuality "1"]
[TimeControl "40/5400+30:1800+30"]

1. e4 c5 2. Nf3 Nc6 3. d4 cxd4 4. Nxd4 Nf6 5. Nc3 e5 6. Ndb5 d6 7. Bg5 a6 8. Na3 b5 9. Bxf6 gxf6 10. Nd5 Bg7 11. g3 f5 12. exf5 Bxf5 13. Bg2 O-O 14. c3 Be6 15. O-O f5 16. Nc2 f4 17. Nxf4 exf4 18. Bxc6 Bh3 19. Qd5+ Kh8 20. Bxa8 Bxf1 21. Rxf1 fxg3 22. hxg3 Qxa8 23. Qxa8 Rxa8 24. Rd1 Re8 25. Kf1 Re6 26. Nb4 a5 27. Nc6 a4 28. a3 Kg8 29. Rd5 Kf8 30. Rxb5 d5 31. Nd4 1-0

[Event "LEM Niedersachsen-A-Open 2025"]
[Site "Verden"]
[Date "2025.01.03"]
[Round "4.30"]
[White "Stein, Luis"]
[Black "Krumschmidt, Michael"]
[Result "1-0"]
[ECO "B52"]
[WhiteElo "1899"]
[BlackElo "1787"]
[Annotator "NA RC"]
[PlyCount "87"]
[EventDate "2024.12.27"]
[EventType "swiss"]
[EventCountry "GER"]
[SourceTitle "playchess.com"]
[Source "ChessBase"]
[SourceQuality "1"]
[TimeControl "40/5400+30:1800+30"]

1. e4 c5 2. Nf3 d6 3. Bb5+ Bd7 4. Bxd7+ Nxd7 5. O-O Ngf6 6. Qe2 a6 7. d4 cxd4 8. Nxd4 g6 9. c4 Bg7 10. Rd1 O-O 11. Nc3 Rc8 12. Be3 Ne5 13. c5 Qc7 14. cxd6 exd6 15. Rac1 Qb8 16. Bg5 Ned7 17. Nc2 Rfe8 18. f3 b5 19. Ne3 Qb6 20. Kh1 h6 21. Ncd5 Qb7 22. Rxc8 Qxc8 23. Bf4 Nxd5 24. Nxd5 Ne5 25. Rc1 Qb8 26. b3 Kf8 27. Qc2 Rd8 28. Be3 Nd7 29. Qc7 Nc5 30. Qxb8 Rxb8 31. Bxc5 dxc5 32. Rxc5 Bd4 33. Rc6 a5 34. g4 a4 35. b4 a3 36. Kg2 Kg7 37. Kf1 Rb7 38. Ke2 h5 39. h3 Rd7 40. Kd3 Be5 41. Rb6 f5 42. gxf5 gxf5 43. Rxb5 Kg6 44. Ke3 1-0

[Event "LEM Niedersachsen-A-Open 2025"]
[Site "Verden"]
[Date "2025.01.03"]
[Round "4.31"]
[White "Harms, Friedjof"]
[Black "Holtwessels, Jan"]
[Result "0-1"]
[ECO "B00"]
[WhiteElo "1884"]
[BlackElo "1812"]
[Annotator "NA RC"]
[PlyCount "70"]
[EventDate "2024.12.27"]
[EventType "swiss"]
[EventCountry "GER"]
[SourceTitle "playchess.com"]
[Source "ChessBase"]
[SourceQuality "1"]
[TimeControl "40/5400+30:1800+30"]

1. e4 Nc6 2. d4 d5 3. e5 Bf5 4. Nf3 e6 5. c3 f6 6. exf6 Nxf6 7. Bf4 Bd6 8. Ne5 Bxe5 9. dxe5 Nd7 10. Bb5 O-O 11. Bxc6 bxc6 12. Bg3 Rb8 13. b3 Qe8 14. O-O Qg6 15. Nd2 Nc5 16. f4 a5 17. Nf3 Bg4 18. Qe1 Bxf3 19. Rxf3 a4 20. b4 Ne4 21. Qe3 Rb7 22. Qd3 Rb6 23. Bf2 Rb5 24. a3 Rfb8 25. c4 dxc4 26. Qc2 c5 27. Bxc5 Nxc5 28. Qxg6 hxg6 29. bxc5 Rb1+ 30. Rxb1 Rxb1+ 31. Kf2 Rb3 32. Ke2 c3 33. Kd3 Rxa3 34. Rf2 c2+ 35. Kd2 Ra1 0-1

[Event "LEM Niedersachsen-A-Open 2025"]
[Site "Verden"]
[Date "2025.01.03"]
[Round "4.32"]
[White "Aden, Dagmar"]
[Black "Monnerjahn, Lukas"]
[Result "0-1"]
[ECO "C44"]
[WhiteElo "1861"]
[BlackElo "1909"]
[Annotator "NA RC"]
[PlyCount "100"]
[EventDate "2024.12.27"]
[EventType "swiss"]
[EventCountry "GER"]
[SourceTitle "playchess.com"]
[Source "ChessBase"]
[SourceQuality "1"]
[TimeControl "40/5400+30:1800+30"]

1. e4 e5 2. Bc4 Nf6 3. d4 exd4 4. Nf3 Bb4+ 5. Bd2 Bxd2+ 6. Nbxd2 Nc6 7. Nb3 O-O 8. Nbxd4 Nxe4 9. Nxc6 bxc6 10. O-O d5 11. Bd3 Nf6 12. h3 c5 13. c3 Qd6 14. Re1 Bb7 15. Bc2 Rfe8 16. Qd2 h6 17. Nh4 d4 18. Rxe8+ Rxe8 19. Ba4 Re5 20. cxd4 cxd4 21. Bc2 c5 22. Bd3 Rh5 23. Nf5 Rxf5 24. Bxf5 Qd5 25. f3 Qxf5 26. Re1 Nd5 27. Re8+ Kh7 28. Qa5 d3 29. Qd2 c4 30. Rb8 Qg5 31. Qxg5 hxg5 32. Kf2 Ba6 33. Rd8 c3 34. bxc3 Nxc3 35. Ke3 Bb5 36. a3 a6 37. Rd4 f6 38. h4 gxh4 39. Rxh4+ Kg6 40. Rg4+ Kf7 41. Rd4 Na4 42. g4 Nc5 43. Rb4 Ke6 44. f4 Kd5 45. Rd4+ Kc6 46. Rb4 Ba4 47. Rb8 Bc2 48. Kd2 Kd5 49. Rg8 Kd4 50. Rxg7 Nb3+ 0-1

[Event "LEM Niedersachsen-A-Open 2025"]
[Site "Verden"]
[Date "2025.01.03"]
[Round "4.33"]
[White "Goertzen, Simon"]
[Black "Klages, Jonas"]
[Result "1-0"]
[ECO "C02"]
[WhiteElo "1887"]
[BlackElo "1776"]
[Annotator "NA RC"]
[PlyCount "91"]
[EventDate "2024.12.27"]
[EventType "swiss"]
[EventCountry "GER"]
[SourceTitle "playchess.com"]
[Source "ChessBase"]
[SourceQuality "1"]
[TimeControl "40/5400+30:1800+30"]

1. e4 e6 2. d4 d5 3. e5 c5 4. c3 Nc6 5. Nf3 Bd7 6. Be2 Qb6 7. O-O Nge7 8. dxc5 Qxc5 9. Be3 Qa5 10. Re1 Ng6 11. b4 Qc7 12. Na3 a6 13. Bd3 Ncxe5 14. Nxe5 Nxe5 15. Bf4 Qxc3 16. Bxe5 Qxa3 17. Re3 Qxb4 18. Rb1 Qa5 19. Rxb7 Qxa2 20. Qh5 Rc8 21. h4 g6 22. Qf3 Rg8 23. Rxd7 Kxd7 24. Qxf7+ Be7 25. Bf6 Rge8 26. Qxe6+ Kc7 27. Bxe7 Kb7 28. Bxa6+ Qxa6 29. Rb3+ Ka7 30. Qd7+ Ka8 31. Ra3 Qxa3 32. Bxa3 Rcd8 33. Qf7 d4 34. Bc5 Re1+ 35. Kh2 Ra1 36. Qf6 Rc8 37. Qxd4 Ra6 38. Qd5+ Kb8 39. Bd6+ Ka7 40. Qf7+ Ka8 41. Bg3 Ra7 42. Qd5+ Rb7 43. Qd3 Ra7 44. Qb5 Rb7 45. Qa6+ Ra7 46. Qxc8# 1-0

[Event "LEM Niedersachsen-A-Open 2025"]
[Site "Verden"]
[Date "2025.01.03"]
[Round "4.34"]
[White "Buecklers, Martin"]
[Black "Lehmkuhl, Stefan"]
[Result "*"]
[ECO "B80"]
[WhiteElo "1859"]
[BlackElo "1874"]
[Annotator "NA RC"]
[PlyCount "122"]
[EventDate "2024.12.27"]
[EventType "swiss"]
[EventCountry "GER"]
[SourceTitle "playchess.com"]
[Source "ChessBase"]
[SourceQuality "1"]
[TimeControl "40/5400+30:1800+30"]

1. Nf3 d6 2. e4 Nf6 3. Nc3 c5 4. g3 Nc6 5. Bg2 e6 6. d4 cxd4 7. Nxd4 Nxd4 8. Qxd4 Be7 9. Qa4+ Nd7 10. Be3 O-O 11. Rd1 Nb6 12. Qb3 Bd7 13. O-O Qc7 14. Bxb6 axb6 15. Rd4 Rfc8 16. Rfd1 Bc6 17. a3 h6 18. R1d2 Ra5 19. Bf1 Bg5 20. f4 Be7 21. R4d3 Bf6 22. Bg2 Be7 23. h3 Rc5 24. Kh2 b5 25. Ne2 Qb6 26. c3 Qa6 27. Qd1 Qa4 28. Qh1 Qa8 29. Nd4 Be8 30. e5 d5 31. Nf3 R5c7 32. Rd1 Rc4 33. Nd2 R4c7 34. Nf3 Rc4 35. Nd4 Qa6 36. h4 R4c7 37. Bh3 Bc5 38. Qf3 Bxd4 39. Rxd4 Rc4 40. Bf1 Rxd4 41. Rxd4 Qa7 42. Rb4 Rc5 43. Qe3 b6 44. Qf3 Qe7 45. Rd4 g6 46. Bh3 Rc4 47. Qe3 Qc7 48. Bf1 Rxd4 49. Qxd4 Qc5 50. b4 Qxd4 51. cxd4 h5 52. Bh3 Kg7 53. g4 hxg4 54. Bxg4 Kh6 55. Kg3 Bd7 56. Be2 Be8 57. Bf3 Bd7 58. Be2 Be8 59. h5 Bd7 60. Kh4 Be8 61. Bf3 Bd7 *

[Event "LEM Niedersachsen-A-Open 2025"]
[Site "Verden"]
[Date "2025.01.03"]
[Round "4.35"]
[White "Schulze, Tim"]
[Black "Kozik, Andreas"]
[Result "0-1"]
[ECO "A14"]
[WhiteElo "1804"]
[BlackElo "1868"]
[Annotator "NA RC"]
[PlyCount "46"]
[EventDate "2024.12.27"]
[EventType "swiss"]
[EventCountry "GER"]
[SourceTitle "playchess.com"]
[Source "ChessBase"]
[SourceQuality "1"]
[TimeControl "40/5400+30:1800+30"]

1. Nf3 d5 2. g3 Nf6 3. Bg2 e6 4. O-O Be7 5. c4 O-O 6. b3 c6 7. Bb2 b6 8. d3 Nbd7 9. e4 Bb7 10. e5 Ne8 11. cxd5 cxd5 12. Re1 a5 13. Nc3 Ba6 14. Nd4 Rc8 15. Nxd5 exd5 16. e6 Nc5 17. exf7+ Rxf7 18. Bh3 Nc7 19. Nc6 Qf8 20. Bxc8 Bxc8 21. Nxe7+ Rxe7 22. Qd2 Bh3 23. Ba3 Qf3 0-1

[Event "LEM Niedersachsen-A-Open 2025"]
[Site "Verden"]
[Date "2025.01.03"]
[Round "4.36"]
[White "Kiesel, Lara"]
[Black "Bisa, Gani"]
[Result "1-0"]
[ECO "D05"]
[WhiteElo "1825"]
[BlackElo "1885"]
[Annotator "NA RC"]
[PlyCount "123"]
[EventDate "2024.12.27"]
[EventType "swiss"]
[EventCountry "GER"]
[SourceTitle "playchess.com"]
[Source "ChessBase"]
[SourceQuality "1"]
[TimeControl "40/5400+30:1800+30"]

1. Nf3 d5 2. e3 c5 3. b3 Nf6 4. Bb2 e6 5. d4 Nc6 6. Bd3 g6 7. O-O cxd4 8. exd4 Bg7 9. a3 O-O 10. Nbd2 Qc7 11. Re1 Nd7 12. Qe2 Qb6 13. Qe3 Nf6 14. h3 Qc7 15. Ne5 Nd7 16. f4 Re8 17. c4 Nb6 18. c5 Nd7 19. b4 a6 20. Bc3 b6 21. a4 Bb7 22. Nxc6 Bxc6 23. b5 axb5 24. axb5 Rxa1 25. Rxa1 Ba8 26. c6 Nc5 27. Bc2 Ne4 28. Nxe4 dxe4 29. Bxe4 Rd8 30. Rd1 e5 31. fxe5 Bxe5 32. d5 Bd6 33. Kh1 Re8 34. Qd3 Qe7 35. Bf3 Qg5 36. Bd4 Qg3 37. Bg1 Re1 38. Rxe1 Qxe1 39. Qe2 Qa1 40. Qd1 Qe5 41. Qd4 Qe7 42. Qxb6 Kg7 43. Qa7 Qe1 44. Qd4+ Be5 45. Qe3 Qa1 46. b6 f6 47. b7 Bxb7 48. cxb7 Qb1 49. Qb6 Qxb6 50. Bxb6 Bb8 51. Kg1 Kf7 52. Kf2 Ke7 53. Ke3 Kd6 54. Kd4 f5 55. Bc5+ Kd7 56. d6 g5 57. g4 fxg4 58. hxg4 h6 59. Kc4 Kd8 60. Bc6 h5 61. gxh5 g4 62. h6 1-0